 Dungeon Crawl Stone Soup version 0.17-a0-1646-geb1493d (webtiles) character file.

895 matakusis the Ducker (level 7, -1/54 HPs)
             Began as a Demonspawn Gladiator on Aug 10, 2015.
             Was an Initiate of Qazlal.
             Slain by a wight
             ... wielding a +2 hand axe
              (3 damage)
             ... on level 5 of the Dungeon.
             The game lasted 00:15:58 (4809 turns).

matakusis the Ducker (Demonspawn Gladiator)         Turns: 4809, Time: 00:15:58

Health: -1/54      AC:  7    Str: 18    XL:     7   Next: 78%
Magic:  7/7        EV: 11    Int:  9    God:    Qazlal [......]
Gold:   185        SH:  0    Dex: 13    Spells: 0 memorised, 6 levels left

rFire  . . .     SeeInvis .     j - +2 war axe (drain)
rCold  . . .     Clarity  .     b - +0 leather armour
rNeg   . . .     SustAt   .     (no shield)
rPois  .         Gourm    .     c - +0 helmet
rElec  .         Spirit   .     p - +2 cloak
rCorr  .         Warding  .     (no gloves)
rMut   .         Stasis   .     (no boots)
MR     .....                    (no amulet)
Stlth  +.........               (no ring)
                                f - ring of wizardry

@: not resistant to hostile enchantments, very unstealthy
A: repulsion field 1, powered by pain 1
a: Renounce Religion


You were on level 5 of the Dungeon.
You worshipped Qazlal.
Qazlal was noncommittal.
You were not hungry.

You visited 1 branch of the dungeon, and saw 5 of its levels.

You collected 185 gold pieces.

Inventory:

Hand weapons
 a - a +0 war axe
 j - a +2 war axe of draining (weapon)
Missiles
 d - 3 throwing nets (quivered)
Armour
 b - a +0 leather armour (worn)
 c - a +0 helmet (worn)
 p - a +2 cloak (worn)
Jewellery
 f - a ring of wizardry (left hand)
Magical devices
 g - a wand of random effects (20)
Scrolls
 k - a scroll of fog
 n - a scroll of fear
 o - a scroll of blinking {unknown}
 q - 3 scrolls of identify
 r - a scroll of remove curse {unknown}
 s - a scroll of enchant weapon {unknown}
 t - a scroll of recharging {unknown}
Potions
 h - a potion of lignification {unknown}
 l - 2 potions of curing
Comestibles
 e - 5 bread rations


   Skills:
 * Level 4.2 Fighting
 + Level 5.1 Axes
 + Level 1.8 Throwing
 + Level 2.9 Armour
 * Level 5.5 Dodging


You had 6 spell levels left.
You didn't know any spells.

Dungeon Overview and Level Annotations

Branches:
Dungeon (5/15)
 Temple: D:4-7

Altars:
Cheibriados
Gozag
Kikubaaqudgha
Qazlal
Sif Muna
Trog
Vehumet
Xom


Innate Abilities, Weirdness & Mutations

You are surrounded by a mild repulsion field (EV +2).
You sometimes gain a little power by taking damage.


Message History

The wight hits you with an enchanted hand axe!
The wight barely misses you.
You hit the wight but do no damage.
The wight is lightly damaged.
You hit the wight.
The wight is moderately damaged.
The wight hits you but does no damage.
The wight hits you from afar with an enchanted halberd!
The wight hits you with an enchanted hand axe.
* * * LOW HITPOINT WARNING * * *
The wight hits you with a hand axe of freezing.
* * * LOW HITPOINT WARNING * * *
The wight freezes you.
* * * LOW HITPOINT WARNING * * *
The wight hits you with an enchanted hand axe!
* * * LOW HITPOINT WARNING * * *
The wight completely misses you.
There is a stone staircase leading up here.
The wight hits you with an enchanted hand axe.
You die...

#.....# ...#.. #.....#
....#.. #.....#.....#.. .
#.....#.....'.. ...
#.....'.... #..
##'#######.....##'####..
#.....#...#...........###
#.........#((.........#..
#.......@.#..(........'..
#........z#...........#..
#.......z.z.....).....#..
#.........#...........#..
#....##...#...........##'
####'##'#######'##+#.....
#.........#........#.....
#.........#........#.....
#.........#........#.....


You could see 3 wights.

Vanquished Creatures
  An orc warrior (D:4)
  2 sky beasts (D:5)
  A centaur (D:5)
  A wight (D:5)
  Crazy Yiuf (D:2)
  2 orc wizards
  A giant frog skeleton (D:4)
  An iguana (D:4)
  5 worker ants
  A hound skeleton (D:5)
  6 gnolls
  A shadow imp (D:5)
  6 adders
  2 oozes (D:3)
  An adder skeleton (D:4)
  2 worms (D:2)
  4 giant geckos
  14 orcs
  9 bats
  4 giant cockroaches
  9 hobgoblins
  9 kobolds
  2 quokkas (D:4)
  2 ball pythons
  5 giant newts
  6 goblins
  6 rats
104 creatures vanquished.

Notes
Turn   | Place    | Note
--------------------------------------------------------------
     0 | D:1      | matakusis the Demonspawn Gladiator began the quest for the Orb.
     0 | D:1      | Reached XP level 1. HP: 16/16 MP: 1/1
   302 | D:1      | Gained mutation: You are surrounded by a mild repulsion field (EV +2). [demonic ancestry]
   302 | D:1      | Reached XP level 2. HP: 16/22 MP: 2/2
   304 | D:1      | Reached skill level 3 in Dodging
  1017 | D:2      | Reached XP level 3. HP: 8/27 MP: 3/3
  1237 | D:2      | Found a deep blue altar of Sif Muna.
  1648 | D:2      | Noticed Crazy Yiuf
  1653 | D:2      | Killed Crazy Yiuf
  1653 | D:2      | Reached skill level 1 in Armour
  1653 | D:2      | Gained mutation: You sometimes gain a little power by taking damage. [demonic ancestry]
  1653 | D:2      | Reached XP level 4. HP: 34/34 MP: 4/4
  2143 | D:3      | Reached XP level 5. HP: 37/39 MP: 5/5
  2457 | D:3      | Found a shimmering altar of Xom.
  2760 | D:4      | Reached skill level 4 in Axes
  3038 | D:4      | Noticed an orc warrior
  3063 | D:4      | Reached XP level 6. HP: 35/47 MP: 6/6
  3066 | D:4      | Killed an orc warrior
  3599 | D:4      | Found a stormy altar of Qazlal.
  3599 | D:4      | Found a radiant altar of Vehumet.
  3599 | D:4      | Found a snail-covered altar of Cheibriados.
  3599 | D:4      | Found an ancient bone altar of Kikubaaqudgha.
  3606 | D:4      | Found a bloodstained altar of Trog.
  3606 | D:4      | Found an opulent altar of Gozag.
  3622 | D:4      | Became a worshipper of Qazlal Stormbringer
  4034 | D:5      | Entered Level 5 of the Dungeon
  4242 | D:5      | Reached XP level 7. HP: 28/53 MP: 7/7
  4243 | D:5      | Reached skill level 5 in Axes
  4243 | D:5      | Reached skill level 5 in Dodging
  4808 | D:5      | HP: 2/54 [wight/enchanted hand axe (9)]
  4809 | D:5      | Slain by a wight

Vault maps used:
D:1:      matt_arrival_refuge, minmay_misc_feat_encased
D:2:      nicolae_overflow_crystal_walls, uniq_crazy_yiuf_cottage
D:3:      tgw_xom
D:4:      minmay_overflow_temple_hex, first_bread, st_stairs_10

Action                   |  1- 3 |  4- 6 |  7- 9 || total
-------------------------+-------+-------+-------++-------
Melee: War axe           |   112 |   160 |    34 ||   306
  Use: Scroll            |       |     9 |     1 ||    10
       Potion            |       |     2 |       ||     2
 Stab: Sleeping          |     1 |       |       ||     1
  Eat: Chunk             |     2 |     6 |       ||     8
       Meat ration       |       |     1 |       ||     1
